 Dungeon Crawl Stone Soup version 0.19-a0-1107-gc676ff4 (webtiles) character file.

249 4thArraOfDagon the Ducker (level 5, 0/49 HPs)
             Began as a Troll Arcane Marksman on Aug 9, 2016.
             Was an Initiate of Cheibriados.
             Slain by a wraith (8 damage)
             ... in an ossuary.
             The game lasted 00:02:40 (568 turns).

4thArraOfDagon the Ducker (Troll Arcane Marksman)    Turns: 568, Time: 00:02:41

Health: 0/49       AC:  6    Str: 19 (20) XL:     5   Next: 87%
Magic:  5/5        EV: 10    Int:  8 (11) God:    Cheibriados [......]
Gold:   25         SH:  0    Dex:  7 (10) Spells: 1 memorised, 5 levels left

rFire  + . .     SeeInvis .       - Unarmed
rCold  . . .     Gourm    +     a - +0 robe
rNeg   . . .     Faith    .     (no shield)
rPois  .         Spirit   .     (helmet restricted)
rElec  .         Dismiss  .     e - +0 cloak
rCorr  +         Reflect  .     (gloves unavailable)
SustAt .         Harm     .     (boots unavailable)
MR     .....                    (no amulet)
Stlth  +.........               m - ring of resist corrosion
                                g - ring of protection from fire

@: slowed, drained, very slow
A: unfitting armour, claws 3, fast metabolism 3, gourmand, regeneration 2,
shaggy fur 1, tough skin 2
a: Bend Time, Renounce Religion


You were in an ossuary.
You worshipped Cheibriados.
Cheibriados was noncommittal.
You were not hungry.

You visited 1 branch of the dungeon, and saw 4 of its levels.
You also visited: Ossuary.

You collected 25 gold pieces.

Inventory:

Missiles
 c - 4 large rocks (quivered)
Armour
 a - a +0 robe (worn)
 e - a +0 cloak (worn)
Jewellery
 g - a ring of protection from fire (left claw)
 j - an uncursed ring of flight
 m - a ring of resist corrosion (right claw)
Wands
 t - a wand of paralysis (9/24)
Scrolls
 i - 3 scrolls of remove curse
 n - a scroll of enchant weapon {unknown}
 p - a scroll of teleportation {unknown}
 u - a scroll of holy word {unknown}
Potions
 h - a potion of ambrosia {unknown}
 k - a potion of resistance {unknown}
 o - a potion of degeneration
 q - a potion of lignification {unknown}
 r - a potion of cure mutation {unknown}
 s - a potion of brilliance {unknown}
 v - a potion of might {unknown}
Books
 b - a book of Debilitation

   Spells                             Type                      Level
   a - Corona                         Hexes                        1
   b - Slow                           Hexes                        2
   c - Gell's Gravitas                Hexes/Translocation          3
   d - Inner Flame                    Hexes/Fire                   3
   e - Cause Fear                     Hexes                        4
   f - Leda's Liquefaction            Hexes/Earth                  4
Comestibles
 f - 2 bread rations


   Skills:
 + Level 2.0(1.3) Fighting
 + Level 2.3(1.6) Throwing
 + Level 3.2(2.5) Dodging
 + Level 0.1(0.0) Stealth
 + Level 2.0(1.2) Unarmed Combat
 + Level 1.1(0.4) Spellcasting
 + Level 2.5(1.8) Hexes


You had 5 spell levels left.
You knew the following spells:

 Your Spells              Type           Power        Failure   Level  Hunger
a - Corona                Hex            #......      24%         1    ##.....


Dungeon Overview and Level Annotations

Branches:
Dungeon (4/15)
 Temple: D:4-7

Altars:
Cheibriados
Fedhas
Ru
Sif Muna
Vehumet

Annotations:
D:2 Natasha


Innate Abilities, Weirdness & Mutations

You are too large for most types of armour.
You have claws for hands.
Your metabolism is lightning-fast.
You like to eat raw meat.
You heal very quickly.
You are covered in fur. (AC +1)
You have very tough skin. (AC +2)


Message History

Aim: a wraith (chance to defeat MR: 15%)
The wraith resists with almost no effort.
This wand has 9 charges left.
The wraith barely misses you.
Unknown command.
Throwing (i - inventory. (,) - cycle):
d - a throwing net (quivered)
Press: ? - help, Shift-Dir - straight line, f/p - wraith
Aim: a wraith (immune to nets)
You throw a throwing net. The throwing net hits the wraith.
The net passes right through the wraith!
The wraith hits you!
* * * LOW HITPOINT WARNING * * *
The wraith drains your vigour!
You feel as though you will be slow longer.
The wraith closely misses you.
Unknown command.
It was a potion of degeneration.
There was something very wrong with that liquid.
You feel weakened.
You feel dopey.
You feel clumsy. The wraith hits you!
You die...

#.............#
#.###.....###.#
#.#z#.....#z#.#
#.###.....###.#
#.............#
#.............#
#.###.###.###.#
#.#W#.# #.# #
#.@##.###.##+.#
#.............#
#######'######
#.# ###.###
#z▓.▓W# ###.###
#.# #'#


You could see a wraith.

Vanquished Creatures
  4 wights (Ossuary)
  A giant frog skeleton (D:4)
  Terence (D:2)
  An ooze (D:3)
  An adder zombie (Ossuary)
  A worm (D:3)
  A dart slug (D:2)
  A giant gecko (D:4)
  A ball python (D:4)
  2 hobgoblins
  A hobgoblin skeleton (Ossuary)
  A hobgoblin zombie (Ossuary)
  A kobold zombie (Ossuary)
  An orc skeleton (Ossuary)
  An orc zombie (Ossuary)
  A rat (D:2)
20 creatures vanquished.

Notes
Turn   | Place    | Note
-------+----------+-------------------------------------------
     0 | D:1      | 4thArraOfDagon the Troll Arcane Marksman began the quest for the Orb.
     0 | D:1      | Reached XP level 1. HP: 18/18 MP: 1/1
    20 | D:1      | You fall through a shaft!
    48 | D:2      | Noticed Terence
    69 | D:2      | Killed Terence
    69 | D:2      | Reached XP level 2. HP: 19/26 MP: 2/2
    72 | D:2      | Reached XP level 3. HP: 21/32 MP: 3/3
    87 | D:2      | Noticed Natasha
   152 | D:3      | Reached skill level 2 in Dodging
   270 | D:4      | Reached skill level 1 in Fighting
   270 | D:4      | Reached skill level 1 in Unarmed Combat
   270 | D:4      | Reached XP level 4. HP: 37/41 MP: 4/4
   275 | D:4      | Found a radiant altar of Vehumet.
   282 | D:4      | Found a blossoming altar of Fedhas.
   283 | D:4      | Found a snail-covered altar of Cheibriados.
   284 | D:4      | Found a sacrificial altar of Ru.
   287 | D:4      | Found a deep blue altar of Sif Muna.
   299 | D:4      | Became a worshipper of Cheibriados the Contemplative
   345 | D:4      | Found a sand-covered staircase.
   353 | Ossuary  | Entered an ossuary
   415 | Ossuary  | Reached XP level 5. HP: 44/48 MP: 5/5
   447 | Ossuary  | Noticed a flying skull
   447 | Ossuary  | Noticed a wraith
   453 | Ossuary  | Noticed a flying skull
   456 | Ossuary  | Noticed a flying skull
   458 | Ossuary  | Noticed a flying skull
   493 | Ossuary  | Reached skill level 3 in Dodging
   563 | Ossuary  | Noticed a wraith
   568 | Ossuary  | Slain by a wraith

Vault maps used:
D:1:      minmay_arrival_hallway
D:2:      trog_book, uniq_iyjb, uniq_natasha, uniq_terence
D:3:      kennysheep_generic_room_9
D:4:      minitemple, grunt_pakellas_basics, first_bread,
          nicolae_ossuary_entry_plus, nicolae_ru_awakened_eye
Ossuary:  ossuary_due_cavern

Skill      XL: |  1  2  3  4  5 |
---------------+----------------+-----
Throwing       | 2 |  2.3
Dodging        | 2 3 |  3.2
Fighting       | 1 2 |  2.0
Unarmed Combat | 1 2 |  2.0
Stealth        | |  0.1
Spellcasting   | |  1.1
Hexes          | |  2.5

Action                   |  1- 3 |  4- 6 || total
-------------------------+-------+-------++-------
Melee: Unarmed           |    50 |    62 ||   112
Throw: Throwing net      |     1 |     2 ||     3
Evoke: Wand              |       |     3 ||     3
  Use: Scroll            |       |     2 ||     2
       Potion            |       |     1 ||     1
  Eat: Chunk             |     3 |     1 ||     4
Armor: Robe              |    11 |    20 ||    31
Dodge: Dodged            |    33 |    30 ||    63
